[Event "FRA-ch Teams Top 16-Haute 2022"]
[Site "Chartres"]
[Date "2022.06.16"]
[Round "8.15"]
[White "David, Alberto"]
[Black "Pourquet, Matthieu"]
[Result "1-0"]
[ECO "D31"]
[WhiteElo "2520"]
[BlackElo "2178"]
[Annotator "TA"]
[PlyCount "87"]
[EventDate "2022.06.16"]
[EventType "team-tourn"]
[EventCountry "FRA"]
[SourceTitle "playchess.com"]
[Source "ChessBase"]
[SourceQuality "1"]
[TimeControl "40/5400+30:1800+30"]

1. d4 {[%emt 0:00:06] Sadorra,Julio} d5 2. c4 e6 3. Nc3 a6 4. cxd5 exd5 5. Bf4 Nf6 6. e3 {[%emt 0:00:43] D31: Queen's Gambit Declined: Semi-Slav without ...Nf6 (+ Marshall Gambit and Noteboom) and Exchange Variation lines without ...Nf6.} Bd6 7. Bxd6 Qxd6 8. Bd3 {[%emt 0:00:05] The position is equal.} O-O 9. h3 Re8 10. Nf3 c6 11. Qc2 Nbd7 12. O-O Qe7 {[%emt 0:00:39] [#]} 13. Nd2 $146 ({Predecessor:} 13. Rab1 Ne4 14. Na4 Nf8 15. b4 Ng6 16. Nc5 Nh4 17. Nxh4 Qxh4 18. Rfc1 Re7 19. Nxe4 dxe4 {1-0 (36) Eljanov,P (2720)-Lupulescu,C (2620) Heraklion 2017 CBM 182 [Sadorra,Julio]}) 13... Nb6 14. Rae1 Be6 15. Nb3 Rad8 16. f3 g6 17. Qf2 Nh5 18. Nc5 Qc7 19. g4 Ng3 $2 ({Black should play} 19... Ng7 $14) 20. Qh2 $1 $18 (20. Nxb7 Rc8 $11) 20... Rc8 21. Rf2 {[%emt 0:01:25] aiming for Rg2.} h5 {[%emt 0:00:34] [#]} 22. Nxb7 $1 h4 23. Nc5 (23. Bxa6 $6 Nd7 $14) 23... a5 24. Rc2 f5 (24... Qd6 $142 25. Ne2 Nd7) 25. Ne2 Bf7 26. Qf2 Nc4 27. Bxc4 dxc4 28. Kg2 fxg4 29. hxg4 ({Weaker is} 29. Nxg3 hxg3 30. Qxg3 Qxg3+ 31. Kxg3 gxf3 32. Kxf3 Rcd8 $16) 29... Nxe2 30. Rcxe2 ({Less strong is} 30. Qxh4 Nf4+ 31. exf4 Rxe1 32. Qxe1 Qxf4 $16) 30... g5 31. Kh3 Rf8 (31... Bg6 {was worth a try.} 32. f4 Bd3) 32. Rf1 (32. f4 $142) 32... Rce8 33. Qh2 Qe7 34. Qe5 Qd8 {[%emt 0:03:53] [#]} 35. Nb7 $2 (35. Qf5 $1 $18 {Hoping for Nd7.} Kg7 36. Qd7) 35... Qd5 $11 36. Qf5 {[%emt 0:05:00] Strongly threatening e4. Chess con chili.} Be6 $2 (36... c3 $1 $11 37. Nxa5 (37. bxc3 Qxf5 38. gxf5 Bc4 $17) 37... Be6 38. Qg6+ Kh8 39. Qh6+ Kg8 40. Qg6+ Kh8 41. Qh6+ Kg8 42. Qg6+) 37. Qg6+ $18 Kh8 38. Qh6+ Kg8 39. e4 {[%emt 0:01:04] White is clearly winning.} Qxd4 40. Qxg5+ Qg7 {[%emt 0:02:24] [#]} 41. Qxg7+ Kxg7 42. Kxh4 c3 {[%emt 0:00:21] Threatens to win with ...Bc4.} 43. b3 {[%emt 0:00:18] Against Bc4} Bc8 44. Nd6 {[%emt 0:00:44] Weighted Error Value: White=0.26 (precise) /Black=0.40} 1-0

[Event "FRA-ch Teams Top 16-Haute 2022"]
[Site "Chartres"]
[Date "2022.06.16"]
[Round "8.16"]
[White "Thomas, Anysia"]
[Black "Alexieva, Silvia"]
[Result "0-1"]
[ECO "D24"]
[WhiteElo "2126"]
[BlackElo "2219"]
[Annotator "NA RC"]
[PlyCount "62"]
[EventDate "2022.06.16"]
[EventType "team-tourn"]
[EventCountry "FRA"]
[SourceTitle "playchess.com"]
[Source "ChessBase"]
[SourceQuality "1"]
[TimeControl "40/5400+30:1800+30"]

1. d4 d5 2. c4 dxc4 3. Nf3 Nf6 4. Nc3 a6 5. e4 b5 6. e5 Nd5 7. a4 e6 8. axb5 Bb4 9. Bd2 Nb6 10. bxa6 Rxa6 11. Rxa6 Bxa6 12. Be2 Nc6 13. Ne4 Be7 14. Bg5 Bxg5 15. Nexg5 Qd5 16. O-O h6 17. Nh3 g5 18. Nfxg5 hxg5 19. Bf3 Qd7 20. Nxg5 Nxd4 21. Bh5 c3 22. bxc3 Bxf1 23. cxd4 Bc4 24. Bxf7+ Kd8 25. Qg4 Qb5 26. h4 Qb1+ 27. Kh2 Qf5 28. Qxf5 exf5 29. Bxc4 Rxh4+ 30. Nh3 Nxc4 31. f4 Ne3 0-1

[Event "FRA-ch Teams Top 16-Haute 2022"]
[Site "Chartres"]
[Date "2022.06.16"]
[Round "8.17"]
[White "Mamedov, Rauf"]
[Black "Moussard, Jules"]
[Result "1/2-1/2"]
[ECO "B22"]
[WhiteElo "2656"]
[BlackElo "2651"]
[Annotator "TA"]
[PlyCount "71"]
[EventDate "2022.06.16"]
[EventType "team-tourn"]
[EventCountry "FRA"]
[SourceTitle "playchess.com"]
[Source "ChessBase"]
[SourceQuality "1"]
[TimeControl "40/5400+30:1800+30"]

1. e4 c5 2. c3 Nf6 3. e5 Nd5 4. Bc4 Nb6 5. Bb3 d6 6. exd6 {[%emt 0:01:05] B22: Sicilian: 2 c3.} Qxd6 7. Na3 Be6 {[%emt 0:17:00] [#]} 8. Ne2 $146 {[%emt 0:13:26] White has an edge.} ({Predecessor:} 8. Nf3 Bxb3 9. Qxb3 Qc6 10. d4 c4 11. Qb5 a6 12. Qa5 N8d7 13. b3 e6 14. O-O {½-½ (22) Lyell,M (2193)-Szeberenyi,A (2381) Budapest 2016}) 8... Bxb3 9. Qxb3 Qc6 10. O-O N8d7 11. d4 c4 12. Qb5 Rc8 13. Qxc6 Rxc6 14. b3 a6 15. Rb1 {[%emt 0:01:14] And now bxc4 would win.} e6 16. Nxc4 Nxc4 17. bxc4 b6 18. c5 bxc5 19. Be3 cxd4 20. Nxd4 Rc7 21. Rfd1 Bc5 22. Bf4 Rc8 (22... e5 $2 {[#]} 23. Bxe5 $1 Rc8 24. Bxg7 $18) 23. Nb3 Bb6 24. Rd6 Ke7 25. Rbd1 Rhd8 {[%emt 0:00:18] [#] White must now prevent ...Bc7.} 26. Nd4 Bxd4 27. cxd4 (27. R1xd4 $2 e5 28. Rxd7+ (28. Bg5+ $2 f6 $19) 28... Rxd7 29. Bxe5 f6 30. Rxd7+ Kxd7 $19) 27... g5 $1 28. Bg3 Nb8 ({Black should try} 28... f5 $1 $15 29. Re1 (29. Rxa6 $2 f4 $19) 29... f4 30. Rdxe6+ (30. Rexe6+ Kf7 $17) 30... Kf7 31. Rxa6 (31. Re7+ Kg8 $17) 31... Ra8 32. Rxa8 Rxa8 33. Bxf4 gxf4) 29. Rxd8 $11 Kxd8 {[%emt 0:04:17][%mdl 4096] Endgame KRB-KRN} 30. d5 Ke7 31. h4 h6 32. dxe6 fxe6 33. Bd6+ Kf6 34. hxg5+ {[%emt 0:01:04] The position is equal.} hxg5 35. Rd3 Rc1+ 36. Kh2 {[%emt 0:00:04] Weighted Error Value: White=0.05 (flawless) /Black=0.06 (flawless)} 1/2-1/2

[Event "FRA-ch Teams Top 16-Haute 2022"]
[Site "Chartres"]
[Date "2022.06.16"]
[Round "8.18"]
[White "Vachier-Lagrave, Maxime"]
[Black "Tiviakov, Sergei"]
[Result "1-0"]
[ECO "B01"]
[WhiteElo "2750"]
[BlackElo "2567"]
[Annotator "TA"]
[PlyCount "87"]
[EventDate "2022.06.16"]
[EventType "team-tourn"]
[EventCountry "FRA"]
[SourceTitle "playchess.com"]
[Source "ChessBase"]
[SourceQuality "1"]
[TimeControl "40/5400+30:1800+30"]

1. e4 d5 2. exd5 Qxd5 3. Nc3 Qd6 4. d4 Nf6 5. Nf3 c6 6. g3 {[%emt 0:00:08] B01: Scandinavian Defence.} Bg4 7. Bg2 e6 8. O-O {[%emt 0:00:09] White is slightly better.} Be7 9. Bf4 Qd8 10. h3 Bh5 11. Ne2 $5 {[%emt 0:01:05][%mdl 4] An interesting side line.} O-O 12. c4 Nbd7 13. a3 {[%emt 0:00:26] [#]} Re8 $146 ({Predecessor:} 13... a5 14. Nc3 h6 15. g4 Bg6 16. Qe2 a4 17. Rad1 Re8 18. Kh1 Qb6 19. Ne5 Nxe5 20. dxe5 {1-0 (55) Larsson,M (2287)-Ovaskainen,J (2300) ICCF email 2017}) 14. Re1 Ne4 15. Rc1 Bg6 16. Nc3 Nxc3 17. Rxc3 Rc8 18. Rb3 b6 19. Rbe3 Bf6 20. b4 b5 21. c5 Be7 22. d5 (22. a4 $16) 22... cxd5 $14 23. Nd4 Nxc5 24. bxc5 Bxc5 25. h4 ({Of course not} 25. Nxb5 Qb6 26. Bf1 a6 $17) 25... Qb6 26. Be5 Rf8 27. Rb3 {[%emt 0:00:00] White is much more active.} a6 28. Re2 (28. Kh2 $14 {is superior.}) 28... Bd6 (28... Kh8 $11) 29. Nf3 Rc4 30. Bxd6 Qxd6 31. Ne5 Bh5 32. Bf3 ({Much weaker is} 32. Nxc4 bxc4 33. Rc3 Bxe2 34. Qxe2 h6 $15) 32... Bxf3 33. Rxf3 Rc7 34. Rd3 Rfc8 {[%emt 0:00:17] White must now prevent ...Rc1.} 35. Kg2 Rc3 (35... Rc5 $14) 36. h5 $16 Qxa3 37. Rc2 b4 {[%emt 0:00:31][%mdl 8192] [#] This move loses the game for Black.} (37... Qb4 $16 {is a better chance.} 38. Rdxc3 Rxc3) 38. h6 $1 $18 {[%emt 0:00:00][%cal Od1g4] Intending Qg4! and mate.} Qa5 {[%emt 0:00:31] [#]} (38... Rxc2 39. Rxa3) 39. Qg4 $1 g6 40. Rcxc3 bxc3 41. Qh4 {[%emt 0:30:20] White mates.} Qa3 42. Qf6 Qf8 {[%emt 0:00:06] [#]} 43. Rxc3 $3 Rxc3 44. Nd7 $1 {[%emt 0:00:04][%csl LRc3,LRf8][%mdl 64] Discovered Attack.  Weighted Error Value: White=0.06 (flawless) /Black=0.49} 1-0

[Event "FRA-ch Teams Top 16-Haute 2022"]
[Site "Chartres"]
[Date "2022.06.16"]
[Round "8.19"]
[White "Lagarde, Maxime"]
[Black "Alekseenko, Kirill"]
[Result "0-1"]
[ECO "A20"]
[WhiteElo "2628"]
[BlackElo "2698"]
[Annotator "TA"]
[PlyCount "66"]
[EventDate "2022.06.16"]
[EventType "team-tourn"]
[EventCountry "FRA"]
[SourceTitle "playchess.com"]
[Source "ChessBase"]
[SourceQuality "1"]
[TimeControl "40/5400+30:1800+30"]

1. c4 e5 2. g3 c6 3. Nf3 e4 4. Nd4 d5 5. cxd5 Qxd5 6. Nc2 {[%emt 0:00:05] A20: English Opening: 1...e5.} Nf6 7. Nc3 Qe5 {[%emt 0:00:37] The main line 7...Qe5 scores better than 7...Qh5.} 8. Bg2 {[%emt 0:00:18] The position is equal.} Na6 9. O-O Be7 10. Ne1 {[%emt 0:00:07] [#]} O-O $146 ({Predecessor:} 10... Nb4 11. f3 exf3 12. Nxf3 Qh5 13. d4 Nbd5 14. e4 Nxc3 15. bxc3 Nxe4 16. Re1 f5 {½-½ (44) Giri,A (2772)-Praggnanandhaa,R (2612) Wijk aan Zee 2022}) 11. d4 exd3 12. Nxd3 Qh5 13. e4 Bg4 14. f3 Be6 {[%emt 0:00:46] aiming for ...Rfd8.} 15. Nf4 Qc5+ 16. Rf2 $1 Qb6 {[%emt 0:20:58] Threatens to win with ...Bc5.} 17. Na4 ({Don't play} 17. Nxe6 fxe6 18. Na4 Rad8 $17) 17... Qc7 18. Nxe6 fxe6 19. Be3 b5 20. Bf1 Rad8 {[%emt 0:05:33] [#]} 21. Qb3 Qc8 (21... Kf7 $142) 22. Rc1 $2 bxa4 $15 23. Qxa4 Nb4 24. a3 (24. Rc3 $1 $15 c5 25. a3) 24... Nd3 $19 25. Rxc6 Qb7 26. Bxd3 Rxd3 27. Bf4 Bd8 {[%emt 0:03:00] Against Rc7} (27... Rc8 $19 28. Rxc8+ Qxc8) 28. Kg2 {[%emt 0:01:28] Now White is beyond hope.} (28. Rxe6 $17 {was worth a try.} Qf7 29. Rd6) 28... Bb6 29. Rfc2 Nh5 30. Bd6 (30. Bc7) 30... Qf7 31. f4 {[%emt 0:00:01] [#]} Rxd6 $1 32. Rxd6 {[%emt 0:00:02] [#]} (32. f5 Rd1) 32... Nxf4+ $1 33. gxf4 Qxf4 {[%emt 0:00:08] Weighted Error Value: White=0.57/Black=0.11 (very precise)} 0-1

[Event "FRA-ch Teams Top 16-Haute 2022"]
[Site "Chartres"]
[Date "2022.06.16"]
[Round "8.20"]
[White "Esipenko, Andrey"]
[Black "Kamsky, Gata"]
[Result "1/2-1/2"]
[ECO "D15"]
[WhiteElo "2709"]
[BlackElo "2661"]
[Annotator "TA"]
[PlyCount "121"]
[EventDate "2022.06.16"]
[EventType "team-tourn"]
[EventCountry "FRA"]
[SourceTitle "playchess.com"]
[Source "ChessBase"]
[SourceQuality "1"]
[TimeControl "40/5400+30:1800+30"]

1. d4 d5 2. c4 c6 3. Nf3 Nf6 4. Nc3 a6 5. c5 g6 6. h3 Bg7 7. Bf4 O-O 8. e3 Bf5 $1 {[%emt 0:01:37][%mdl 4] outshines the older 8...Nbd7. D15: Slav Defence: 4 Nc3 a6 and gambit lines after 4 Nc3 dxc4.} 9. Qb3 Qc8 10. Be2 Nbd7 {[%emt 0:04:53] White is slightly better.} 11. O-O h6 12. Bh2 {[%emt 0:11:04] [#]} a5 $146 ({Predecessor:} 12... g5 13. Na4 Ra7 14. Rac1 Re8 15. Rfd1 Nf8 16. Ne5 N6d7 17. g4 Bh7 18. Bd3 Bxd3 19. Qxd3 Nxe5 20. dxe5 {1-0 (30) Ikonnikov,V (2538)-Wilschut,P (2237) Leiden 2016}) 13. Rac1 Re8 14. Na4 Ra7 15. Nh4 (15. g4 {looks sharper.} Be4 16. Nb6 Qd8 17. Nd2) 15... Be6 (15... e5 $1 $14) 16. Qc2 Qd8 17. Bd3 $1 g5 (17... Nf8 $16 18. b3 g5) 18. Nf3 $1 $18 g4 19. hxg4 Bxg4 20. Kh1 Bh5 21. Bg3 {[%emt 0:13:45] 0x0.00207a49ca3ddp-1022s more active pieces. The black rooks are badly placed.} Ng4 22. Rce1 e5 (22... e6 $142) 23. e4 (23. Bh4 $1 $16 Bf6 24. Bh7+ Kg7 25. Qf5 (25. Bxf6+ Ndxf6 26. Bf5 Bg6 $11) 25... Bxh4 26. Qxh5 Nxf2+ 27. Kh2) 23... f5 $1 $14 24. exd5 (24. exf5 e4 $11) 24... e4 {[%emt 0:00:04] [#]} 25. dxc6 (25. Bc4 $1 $16 Kh8 26. Ng1) 25... bxc6 $15 26. Bc4+ Kh8 27. Ng1 Bxd4 28. Nh3 Qf6 29. Rd1 ({Better is} 29. Be2 $15) 29... Be5 $1 $17 (29... Nxc5 30. Nf4 Nxf2+ 31. Bxf2 Bxd1 32. Bxd4 (32. Rxd1 $2 Bxf2 33. Qxf2 e3 $17) 32... Qxd4 33. Rxd1 $11) 30. Qc1 {[%emt 0:01:02] [#]} e3 $1 31. f4 (31. Be2 $17 {is a better defense.}) 31... Bd4 $19 32. Be2 Kh7 (32... Nf8 $19 {Hoping for ...Rg7.} 33. Qc4 Ne6) 33. Qc2 $17 {[%emt 0:01:06][%cal Od1d4] [#]} Re4 $1 34. Nc3 (34. Be1 $17) 34... Nxc5 $19 {[%emt 0:00:28][%cal Oa7g7] Threatens to win with ...Rg7!} (34... Bxc3 35. Rd6 Re6 36. Bxg4 Bxg4 37. Qxc3) 35. Nxe4 (35. Be1 {was called for.}) 35... Nxe4 36. Be1 c5 (36... Bxb2 37. Bf3 $15) 37. Bf3 Re7 (37... Qa6 38. Bh4 $17) 38. Bxe4 Rxe4 39. Rf3 e2 40. Rb1 (40. Rdd3) 40... Ne3 41. Qxe2 Bxf3 (41... Qf7 $19 42. Bc3 Qxa2) 42. Qxf3 $17 a4 {[%emt 0:06:16] White must now prevent ...Ng4.} (42... Bxb2 43. Bxa5 Ng4 44. Qb3 $17) 43. Bd2 Ng4 44. b3 a3 (44... Qe6 $19 {Strongly threatening ...Re2.} 45. bxa4 Qxa2 46. Rb7+ Kg6 47. Rb6+ (47. Qd1 $2 c4 $19) 47... Kf7 48. Rb7+ Kg6 49. Rb6+ (49. Qd1 $2 c4 $19) 49... Kh7 50. Rb7+ Kg6) 45. Re1 {[%emt 0:00:00] Prevents Re2.} Rxe1+ ({Inferior is} 45... Qh4 46. Rxe4 Nf2+ 47. Kh2 fxe4 48. Qe2 $15) (45... Qe7 $142 46. Rxe4 Qxe4 47. Qxe4 fxe4) 46. Bxe1 Qe6 {[%emt 0:00:05] Against Qd5} 47. Bc3 ({White should try} 47. Qf1 $15) 47... Kg6 (47... Qe4 $142 {( -> ...Qb1+)} 48. Qxe4 fxe4) 48. Ng1 Nf2+ (48... Be3 $15) 49. Kh2 $11 Ng4+ 50. Kh1 Qf6 51. Be1 c4 {[%emt 0:04:03] And now ...Qe6 would win.} (51... Qe7 $5 52. Qe2 (52. Ne2 h5 $15) 52... Kf7 $15) 52. Ne2 {[%emt 0:02:21] The position is equal.} Be3 53. Qd5 $1 cxb3 {[%emt 0:00:29] ...b2 is the strong threat.} 54. Qxb3 Kh7 {[%emt 0:00:49] Against Qg8+} 55. Qxa3 Qf7 56. Bh4 Qc4 57. Qe7+ Kg8 58. Qe8+ Kh7 $1 59. Be1 Qxa2 60. Qe7+ Kg6 61. Qe8+ {[%emt 0:00:23] Quite a comeback for White.  Weighted Error Value: White=0.22 (precise) /Black=0.21 (precise)} 1/2-1/2

[Event "FRA-ch Teams Top 16-Haute 2022"]
[Site "Chartres"]
[Date "2022.06.16"]
[Round "8.21"]
[White "Bauer, Christian"]
[Black "Cornette, Matthieu"]
[Result "1-0"]
[ECO "B33"]
[WhiteElo "2596"]
[BlackElo "2570"]
[Annotator "TA"]
[PlyCount "93"]
[EventDate "2022.06.16"]
[EventType "team-tourn"]
[EventCountry "FRA"]
[SourceTitle "playchess.com"]
[Source "ChessBase"]
[SourceQuality "1"]
[TimeControl "40/5400+30:1800+30"]

1. e4 c5 2. Nf3 Nc6 3. d4 cxd4 4. Nxd4 Nf6 5. Nc3 e5 6. Ndb5 d6 7. Bg5 a6 8. Na3 b5 9. Bxf6 gxf6 10. Nd5 Bg7 11. c3 f5 12. Bd3 Ne7 13. Nxe7 Qxe7 14. Nc2 O-O (14... Qb7 $5 ) 15. Qh5 {[%emt 0:07:32] B33: Sicilian: Pelikan and Sveshnikov Variations.} f4 16. O-O Be6 17. Rfd1 {[%emt 0:08:03] White is slightly better.} Kh8 18. Rd2 Rg8 {[%emt 0:06:42][%cal Og7h6] [#]} 19. Ne1 $146 (19. Qd1 $11) ({Predecessor:} 19. Nb4 Bf8 20. Nd5 Qd8 21. a4 Rg6 22. Qd1 bxa4 23. Rxa4 Bh6 24. f3 Bg5 25. Bf1 {0-1 (36) Fragakis,E (2059)-Sismanis,A (2097) Aghia Pelagia 2004}) 19... Bf6 {[%emt 0:05:03] [#] ...Bg4 is the strong threat.} 20. Be2 {[%emt 0:09:09] Inhibits Bg4.} Bg5 {[%emt 0:07:58][%cal Of4f3] Strongly threatening ...f3!} 21. Qf3 (21. Bg4 $11 {remains equal.}) 21... Bh6 ({Black should play} 21... f5 $17 22. Rdd1 fxe4 23. Qxe4 Bf6) 22. a4 Bg4 23. Qxg4 (23. Qd3 $11 {keeps the balance.} f3 24. Nxf3 Bxd2 25. Nxd2) 23... Rxg4 $17 24. Bxg4 Rg8 (24... f3 $17 25. Rd5 fxg2 26. axb5 Rg8) 25. Bf3 $15 f5 ({Better is} 25... bxa4 $17 26. Rxa4 Qb7) 26. Rad1 $11 Rd8 27. axb5 axb5 28. Rd5 fxe4 29. Bxe4 Bf8 30. Rxb5 Rd7 31. Nf3 Ra7 32. g3 Qe8 {[%emt 0:00:25] Inhibits Rb8.} 33. c4 Be7 34. Kg2 (34. Kh1 $16) 34... Rc7 (34... Qc8 $14) 35. b3 $16 {[%emt 0:00:33] aiming for Ra1. White is much more active.} Ra7 {[%emt 0:00:05] Inhibits Ra1.} 36. Rbd5 Qb8 37. R1d3 fxg3 (37... Kg7 $142) 38. hxg3 Ra2 39. c5 Qb4 (39... Ra6 $16 {is a better defense.}) 40. cxd6 $18 Bxd6 41. Bf5 (41. Ng5 $18 Be7 42. Rxe5) 41... Bc5 42. Nd2 {[%emt 0:02:30] Against e4. Hoping for Ne4.} Bd4 $2 (42... Ra7 $16 {was worth a try.}) 43. Ne4 $2 (43. Rd8+ $18 {is the precise move to win.} Kg7 44. Ne4) 43... Ra7 $2 {[%emt 0:01:22][%mdl 8192] This move loses the game for Black.} (43... Qf8 $16 {is more resistant.}) 44. g4 ({Less strong is} 44. Rd8+ Kg7 45. g4 Qa5 $18) 44... Qf8 {[%emt 0:03:31] Inhibits Rd8.} 45. Rh3 Rg7 {[%emt 0:00:20] [#]} 46. Rd6 $1 Qa8 (46... Bc5 47. Rf6) 47. Kh2 {[%emt 0:00:53] Weighted Error Value: White=0.26 (precise) /Black=0.53} 1-0

[Event "FRA-ch Teams Top 16-Haute 2022"]
[Site "Chartres"]
[Date "2022.06.16"]
[Round "8.22"]
[White "Gozzoli, Yannick"]
[Black "Guliyev, Namig"]
[Result "1/2-1/2"]
[ECO "D22"]
[WhiteElo "2591"]
[BlackElo "2547"]
[Annotator "TA"]
[PlyCount "31"]
[EventDate "2022.06.16"]
[EventType "team-tourn"]
[EventCountry "FRA"]
[SourceTitle "playchess.com"]
[Source "ChessBase"]
[SourceQuality "1"]
[TimeControl "40/5400+30:1800+30"]

1. d4 d5 2. c4 dxc4 3. Nf3 a6 4. e3 b5 5. a4 Bb7 6. b3 Nf6 {[%emt 0:00:25][%cal Oc7c5] D22: Queen's Gambit Accepted: 3 Nf3 a6 4 e3.} 7. bxc4 bxc4 8. Bxc4 e6 {[%emt 0:00:09] White has an edge.} 9. O-O Nbd7 10. Nbd2 Be7 11. Be2 $5 {[%emt 0:14:49][%mdl 4] An interesting side line.} (11. Qb3 $5 Rb8 12. Qd3 $14) 11... O-O {[%emt 0:02:04] The position is equal.} 12. Nc4 c5 {[%emt 0:01:10] [#]} 13. Ba3 $146 ({Predecessor:} 13. Bd2 Qc7 14. Rb1 Be4 15. Ba5 Qa7 16. Bd3 Rab8 17. Bxe4 Nxe4 18. Qd3 Nef6 19. Nfe5 Nxe5 20. dxe5 {½-½ (52) Maiwald,J (2445)-Vlahos,K (2250) Berlin 1994}) 13... a5 14. dxc5 Bxc5 15. Bxc5 Nxc5 16. Qxd8 {[%emt 0:01:16] Weighted Error Value: White=0.09 (flawless) /Black=0.07 (flawless)} 1/2-1/2

[Event "FRA-ch Teams Top 16-Haute 2022"]
[Site "Chartres"]
[Date "2022.06.16"]
[Round "8.23"]
[White "Maurizzi, Marc`Andria"]
[Black "Movsesian, Sergei"]
[Result "1/2-1/2"]
[ECO "E09"]
[WhiteElo "2490"]
[BlackElo "2600"]
[Annotator "TA"]
[PlyCount "56"]
[EventDate "2022.06.16"]
[EventType "team-tourn"]
[EventCountry "FRA"]
[SourceTitle "playchess.com"]
[Source "ChessBase"]
[SourceQuality "1"]
[TimeControl "40/5400+30:1800+30"]

1. d4 {[%emt 0:00:58] Marin,M} Nf6 2. c4 e6 3. Nf3 d5 4. g3 Bb4+ 5. Bd2 Be7 6. Bg2 O-O 7. O-O c6 8. Qc2 Nbd7 9. Bf4 Nh5 10. Bc1 Nhf6 11. Bf4 Nh5 12. Bc1 Nhf6 13. Nbd2 b6 {[%emt 0:02:08] 13...Bd6 is the modern continuation.} 14. e4 Bb7 15. Re1 {[%emt 0:30:42] E09: Closed Catalan: Main Line: 7 Qc2 c6 8 Nbd2.} (15. e5 $5 Ng4 16. cxd5 cxd5 17. Nb1 $14) 15... Rc8 {[%emt 0:08:53] [#] A rather calm draw.} {Predecessor:} 16. e5 $146 Ne8 17. cxd5 cxd5 18. Qa4 Nc7 19. Nf1 b5 20. Qd1 a5 21. h4 a4 22. N1h2 Ra8 23. Bf1 b4 24. Bd3 f5 25. exf6 Nxf6 26. Bf4 Ne4 27. Ng5 Bxg5 28. hxg5 Nxg5 {1-0 (45) Nyback,T (2634)-Lputian,S (2588) Kallithea 2008 CBM 127 [Marin,M]} 1/2-1/2

[Event "FRA-ch Teams Top 16-Haute 2022"]
[Site "Chartres"]
[Date "2022.06.16"]
[Round "8.24"]
[White "Guichard, Pauline"]
[Black "Martsynovskaya, Marina"]
[Result "1-0"]
[ECO "A84"]
[WhiteElo "2377"]
[BlackElo "2070"]
[Annotator "TA"]
[PlyCount "85"]
[EventDate "2022.06.16"]
[EventType "team-tourn"]
[EventCountry "FRA"]
[SourceTitle "playchess.com"]
[Source "ChessBase"]
[SourceQuality "1"]
[TimeControl "40/5400+30:1800+30"]

1. c4 f5 2. d4 e6 3. Nf3 Nf6 4. Nc3 d5 5. Bf4 c6 6. e3 Bd6 7. Bd3 O-O 8. O-O Ne4 9. Bxd6 Qxd6 10. Qb3 {[%emt 0:00:14] A84: Dutch Defence: 2 c4 Miscellaneous.} Kh8 11. Ne2 Nd7 12. Nf4 {[%emt 0:03:00] White is slightly better.} Ndf6 13. c5 {[%emt 0:04:27] [#]} Qc7 $146 ({Predecessor:} 13... Qe7 14. Ne5 Kg8 15. Bxe4 fxe4 16. f3 Qc7 17. Rf2 Bd7 18. Raf1 exf3 19. gxf3 Rae8 {1-0 (54) Carolei,A (2378)-Llagaria Vidal,E ICCF email 2010}) 14. Qc2 (14. Bxe4 $5 fxe4 15. Ne5 $14) 14... g5 15. Bxe4 gxf4 16. Bd3 fxe3 17. fxe3 Bd7 18. Ne5 Be8 19. Rf4 Rg8 20. Be2 Nd7 21. Nd3 Bg6 22. Raf1 Rae8 23. R1f3 Bh5 {[%emt 0:06:11] And now ...e5 would win.} 24. Rh3 Bxe2 25. Qxe2 Nf6 26. Ne5 Re7 27. Rh6 Nd7 28. Nd3 Nf8 29. Rfh4 Ng6 (29... Reg7 $5 ) 30. Rh3 Reg7 31. Qh5 Nf8 32. Nf4 Qd7 (32... Rg4 $14) 33. Kf1 (33. Qh4 $142 {Intending Qf6 and mate.} Rf7 34. Nd3) 33... Qe7 34. Kf2 {[%emt 0:01:47] 0x0.00207b14811bdp-1022s more active pieces.} (34. Qh4 $1 $16 {[%cal Oh6h7] Rxh7+! is the strong threat.} Qxh4 35. R3xh4) 34... b6 {[%emt 0:00:05] [#]} ({Resist} 34... e5 35. dxe5 Rg5 36. Qd1 $16 (36. Qh4 R8g7 $14)) (34... Rg4 $11 35. Nxe6 Rxg2+ 36. Kf3 (36. Kf1 Rg1+ 37. Ke2 R8g2+ 38. Kd3 Rf2 $15) 36... R8g7) 35. b4 ({White should try} 35. cxb6 $1 $16 axb6 36. Qh4 Qxh4+ 37. R3xh4) 35... bxc5 36. bxc5 Rg5 (36... Rg4 $1 $11 37. Nxe6 Rxg2+ 38. Kf3 (38. Kf1 $2 Rg1+ 39. Kf2 R8g2+ 40. Kf3 Rxa2 $19) 38... R2g4) 37. Qh4 {[%emt 0:02:59][%cal Of4e6] Black must now prevent Nxe6!} Qb7 $2 {[%emt 0:00:13][%mdl 8192] A mistake that costs the game.} (37... R8g7 $1 $14) 38. Kf3 $18 Qf7 39. a4 Qe7 $2 {[%emt 0:00:34] [#]} (39... R8g7 40. Rg3 Rxg3+ 41. hxg3 Ng6 42. Qd8+ Qg8 43. Nxe6 Re7) 40. a5 $2 (40. Nxe6 $1 f4 41. Nxg5 Rxg5 42. Qxf4) 40... R5g7 $2 {[%emt 0:00:18] [#]} (40... R8g7) 41. Rxh7+ $3 {[%emt 0:33:01][%mdl 512] White is clearly winning.} Nxh7 {[%emt 0:30:34] [#]} 42. Ng6+ $1 {[%emt 0:00:08][%mdl 576] Deflection} Rxg6 43. Qxe7 {[%emt 0:00:04] Weighted Error Value: White=0.46/Black=0.47} 1-0